Map: Ever Dream LE

Players

Vanya - Winner!

  • Race: Zerg Zerg
  • League: Grandmaster
  • Spawn Location: 1:00

Lambo

  • Race: Zerg Zerg
  • Spawn Location: 7:00

Event: DreamHack SC2 Masters 2020 Summer Europe

VOD

Have the link to the VOD?

Description

Time

  • Played on: July 9, 2020, 9:45 a.m.
  • Length: 6:40

All games in this series

Show
View Real Time Build Order
Export as new Build Order

Vanya Zerg - Winner!

Build Orders: Hatch First 

Get SALT Encoding   

  12  0:00  Drone  
  13  0:12  Overlord  
  13  0:18  Drone  
  14  0:31  Drone x2  
  16  0:47  Hatchery  
  15  0:50  Drone  
  15  0:54  Drone  
  17  0:58  Drone  
  18  1:09  Extractor  
  17  1:13  Spawning Pool  
  17  1:16  Drone  
  17  1:19  Drone  
  18  1:29  Drone  
  19  1:39  Drone  
  20  1:49  Drone  
  21  2:00  Queen x2  
  21  2:01  Drone, Overlord  
  26  2:08  Metabolic Boost  
  26  2:10  Drone  
  26  2:11  Drone  
  28  2:21  Drone  
  28  2:22  Drone  
  30  2:31  Hatchery  
  30  2:34  Zergling x2  
  30  2:38  Zergling x2  
  31  2:46  Drone  
  31  2:47  Overlord  
  32  2:54  Drone x2  
  34  3:06  Roach Warren  
  34  3:10  Zergling x14  
  40  3:16  Zergling x2  
  41  3:22  Overlord, Extractor  
  40  3:27  Drone  
  40  3:29  Drone  
  40  3:34  Drone  
  43  3:43  Evolution Chamber, Drone x6  
  48  3:51  Roach x3  
  54  4:01  Overlord  
  54  4:05  Roach x2  
  54  4:07  Overlord  
  58  4:11  Zerg Ground Armor Level 1  
  58  4:14  Overlord  
  58  4:21  Roach x2  
  58  4:22  Overlord  
  60  4:34  Roach x3  
  65  4:39  Queen  
  65  4:45  Roach x2  
  71  4:49  Roach  
  71  4:50  Overlord  
  73  4:53  Roach  
  73  4:57  Roach  
  77  5:02  Roach  
  78  5:15  Roach x3, Overlord  
  78  5:20  Roach  
  78  5:21  Overlord  
  85  5:26  Roach, Zergling x4  
  85  5:27  Zergling x6  
  92  5:30  Roach  
  92  5:32  Overlord  
  95  5:35  Zergling x4  
  95  5:37  Zergling x2  
  95  5:41  Zergling x4  
  99  5:44  Ravager  
  99  5:46  Zergling x2  
  99  5:49  Zergling x2  
  102  5:52  Zergling x2  
  103  5:57  Ravager  
  103  5:58  Zergling x6  
  103  6:02  Overlord  
  99  6:11  Zergling x6  
  99  6:18  Zergling x10  
  90  6:27  Ravager  
Show
View Real Time Build Order
Export as new Build Order

Lambo Zerg 

Build Orders: Hatch First 

Get SALT Encoding   

  12  0:01  Drone  
  13  0:12  Overlord  
  13  0:17  Drone  
  14  0:31  Drone x2  
  16  0:47  Hatchery  
  15  0:51  Drone  
  15  0:54  Drone  
  17  1:08  Spawning Pool  
  17  1:10  Drone  
  17  1:14  Extractor  
  17  1:16  Drone  
  17  1:20  Drone  
  18  1:27  Drone  
  19  1:38  Drone  
  20  1:49  Overlord  
  20  1:55  Queen  
  20  1:58  Queen  
  20  1:59  Drone  
  20  2:00  Zergling x2  
  26  2:10  Drone  
  26  2:11  Drone  
  28  2:17  Metabolic Boost  
  28  2:21  Drone x2  
  30  2:33  Hatchery  
  30  2:35  Drone  
  30  2:40  Drone  
  30  2:42  Drone  
  32  2:46  Baneling Nest  
  32  2:49  Drone  
  32  2:55  Zergling x2  
  33  3:04  Drone x2  
  33  3:05  Drone  
  36  3:11  Overlord  
  36  3:14  Roach Warren  
  36  3:17  Drone  
  36  3:19  Overlord  
  36  3:24  Evolution Chamber  
  36  3:27  Overlord  
  35  3:35  Zergling x10  
  35  3:40  Zergling x6  
  43  3:45  Zergling x4  
  43  3:47  Overlord  
  45  3:52  Overlord  
  44  4:11  Roach x5, Extractor  
  44  4:12  Roach  
  44  4:15  Roach  
  57  4:18  Roach  
  59  4:24  Roach  
  59  4:29  Roach  
  59  4:46  Hatchery  
  59  4:49  Roach x3  
  64  4:53  Roach  
  64  4:56  Roach  
  68  5:02  Roach x2  
  72  5:11  Roach  
  74  5:17  Roach  
  76  5:21  Overlord  
  76  5:23  Overlord  
  75  5:40  Zergling x16  
  83  5:43  Baneling x4  
  83  5:44  Baneling  
  83  5:46  Baneling  
  83  5:47  Baneling  
  83  5:51  Zergling x2  
  83  5:53  Zergling x2  
  83  5:56  Baneling x2  
  85  5:57  Zergling x2  
  85  6:00  Zergling x2  
  85  6:01  Zergling x2  
  88  6:08  Zergling x4  
  84  6:11  Zergling x2  
  84  6:14  Zergling x2  
  84  6:18  Zergling x2  
Tags
 
Add a new tag
Caveats
  • Supply blocks, unpowered buildings, or Contaminate may cause inaccurate times.
  • Supply counts are checked every 10 seconds.